Match 32217747
Unlisted

Match 32217747
End
Selects Italian Coastal Battlegroup
Selects Coastal Reserves
Coastal Reserve
Construct Infanterie Kompanie
GrW 34 Mortar Team
MG 42 Machine Gun Team
Coastal Reserve
Construct Panzergrenadier Kompanie
Panzergrenadier Squad
Medical Bunker
Panzergrenadier Squad
Pak 40 Anti-tank Gun Team
Selects Support Bunkers
Panzergrenadier Officer Quarters
Pak 40 Anti-tank Gun Team
Selects Artillery Officer
Selects Coastal Wall
Construct Panzer Kompanie
Selects Designated Artillery Overwatch
Sturmpanzer IV Brummbär
Selects Bulwark
MG 42 Bunker
MG 42 Bunker
Sturmpanzer IV Brummbär
MG 42 Bunker
Pioneer Squad
MG 42 Bunker
Panzer Officer Quarters
Designated Artillery Overwatch
카츄사
PubStormer
g22
Fank
NaRDo627
铁柱哥很硬
0
0

Comments sign in to comment!

No comments posted yet!